 Dungeon Crawl Stone Soup version 0.25.0-11-g1f837a76a1 (webtiles) character file.

Game seed: 1500687889989277186

10930 Delamore the Basher (level 11, -10/72 HPs)
             Began as a Gargoyle Fighter on June 27, 2020.
             Was a High Priest of Okawaru.
             Mangled by a two-headed ogre
             ... wielding a +0 giant club
              (12 damage)
             ... on level 1 of the Orcish Mines.
             The game lasted 00:14:09 (12507 turns).

Delamore the Basher (Gargoyle Fighter)             Turns: 12507, Time: 00:14:09

Health: -10/72     AC: 24    Str: 26    XL:     11   Next: 69%
Magic:  13/13      EV:  8    Int: 10    God:    Okawaru [*****.]
Gold:   800        SH: 12    Dex: 15    Spells: 10/10 levels left

rFire    . . .     SeeInvis +   a - +1 whip (elec)
rCold    . . .     Gourm    .   c - +0 kite shield
rNeg     + + .     Faith    .   M - +4 scale mail of Ewuafoi {rN+ Str+4 Dex+6}
rPois    ∞         Spirit   .   C - +0 helmet
rElec    +         Reflect  .   O - scarf {+Inv}
rCorr    .         Harm     .   (no gloves)
MR       .....                  (no boots)
Stlth    ..........             D - amulet of magic regeneration
HPRegen  0.22/turn              l - ring of see invisible
MPRegen  0.38/turn              y - +4 ring of protection

@: no status effects
A: low mp 1, negative energy resistance 1, electricity resistance, unbreathing,
petrification resistance, rot immunity, AC +8
a: Heroism, Finesse, Renounce Religion, Evoke Invisibility


You were on level 1 of the Orcish Mines.
You worshipped Okawaru.
Okawaru was extremely pleased with you.
You were not hungry.

You visited 2 branches of the dungeon, and saw 12 of its levels.

You collected 800 gold pieces.

Inventory:

Hand Weapons
 a - a +1 whip of electrocution (weapon)
 B - a +4 whip
 K - the +1 mace of the Inferno {antimagic, +Inv rN+ Str+2 Dex-5}
   (You found it on level 6 of the Dungeon)

   It reduces the magical energy of the wielder, and disrupts the spells and
   magical abilities of those hit.
   Natural abilities and divine invocations are not affected.
   It affects your strength (+2).
   It affects your dexterity (-5).
   It protects you from negative energy.
   It lets you turn invisible.
 S - a +0 morningstar of protection
Missiles
 p - 11 atropa-tipped darts (quivered)
 A - 60 poisoned darts
 R - 8 silver javelins
Armour
 b - a +0 cloak
 c - a +0 kite shield (worn)
 q - a +2 scale mail of fire resistance
 C - a +0 helmet (worn)
 M - the +4 scale mail of Ewuafoi (worn) {rN+ Str+4 Dex+6}
   (You found it on level 8 of the Dungeon)

   It affects your strength (+4).
   It affects your dexterity (+6).
   It protects you from negative energy.
 O - a scarf of invisibility (worn)
Jewellery
 l - a ring of see invisible (left hand)
 y - a +4 ring of protection (right hand)
 D - an amulet of magic regeneration (around neck)
 F - an uncursed ring of positive energy
Wands
 r - a wand of polymorph (18)
 w - a wand of iceblast (31)
 x - a wand of flame (31)
 I - a wand of random effects (14)
Scrolls
 g - a scroll of fear
 m - a scroll of magic mapping
 n - a scroll of noise
 o - 3 scrolls of random uselessness
 s - 9 scrolls of remove curse
 t - 5 scrolls of teleportation
 u - 2 scrolls of amnesia
 v - a scroll of blinking
 z - 4 scrolls of enchant armour
 E - a scroll of holy word
 H - 2 scrolls of enchant weapon
 Q - a scroll of brand weapon {unknown}
Potions
 d - 2 potions of might
 e - 2 potions of mutation
 h - a potion of magic
 i - a potion of ambrosia
 j - 3 potions of degeneration
 k - 3 potions of curing
 G - 2 potions of cancellation {unknown}
 J - a potion of flight
 N - a potion of berserk rage {unknown}
 P - 2 potions of heal wounds {unknown}
Comestibles
 f - 20 rations


   Skills:
 - Level 10.0 Fighting
 + Level 12.7 Maces & Flails
 - Level 3.2 Armour
 - Level 8.2 Shields
 + Level 6.0 Evocations


You had 10 spell levels left.
You didn't know any spells.
Your spell library was empty.

Dungeon Overview and Level Annotations

Branches:
Dungeon (10/15)            Temple (0/1) D:7            Lair (0/6) D:8
    Orc (2/2) D:10            Elf (0/3) Orc:2

Altars:
Dithmenos
Elyvilon
Fedhas
Gozag
Kikubaaqudgha
Okawaru
Ru
Uskayaw
Vehumet
Wu Jian
Xom
Zin
The Shining One

Shops:
D:8 =

Annotations:
Orc:2 Donald


Innate Abilities, Weirdness & Mutations

You are resistant to torment.
Your stone body is resilient. (AC +8)
You are immune to poison.
You resist negative energy. (rN+)
You are resistant to electric shocks. (rElec)
You can survive without breathing.
You are immune to petrification.
You are immune to rotting.
Your magical capacity is low. (-10% MP)


Message History

The two-headed ogre is moderately wounded.
You block the two-headed ogre's attack.
The two-headed ogre hits you but does no damage.
You completely miss the two-headed ogre.
The two-headed ogre hits you with a +0 giant club.
The two-headed ogre hits you with a +0 giant club!
You hit the two-headed ogre but do no damage.
The two-headed ogre hits you with a +0 giant club!!
The two-headed ogre hits you but does no damage.
You hit the two-headed ogre.
The two-headed ogre is lightly wounded.
The two-headed ogre hits you but does no damage.
You block the two-headed ogre's attack. You block the ogre's attack.
The two-headed ogre hits you but does no damage.
You block the two-headed ogre's attack.
The two-headed ogre hits you with a +0 giant club!!
* * * LOW HITPOINT WARNING * * *
The two-headed ogre hits you with a cursed -1 giant club!
You die...

#...# ##...# ##..##
##...#### ##...#
###....##.##
##.#..#####..#..##...##
#.......##.......##...#
##.##.............##...
####..................
#OOO#..........#...
##@#.......##.##...
##O.........##....
#####............##...
##.##..............##..
#.......#..............
##......#...>..........
##.#..................
##.#.................
#....................


You could see 3 two-headed ogres and an ogre.

Vanquished Creatures
  A hydra (D:8)
  4 two-headed ogres
  A centaur skeleton (D:10)
  A troll (D:10)
  2 dream sheep (D:8)
  A hippogriff (D:7)
  A vampire (D:10)
  2 yaks (D:8)
  A wyvern (D:9)
  Menkaure (D:6)
  2 water moccasins
  2 porcupines (D:8)
  2 black bears
  9 orc warriors
  A sky beast (D:6)
  A hornet zombie (D:5)
  5 ice beasts
  2 phantoms (D:5)
  7 ogres
  7 centaurs
  3 big kobolds (D:8)
  4 bullfrogs
  A gnoll sergeant (D:9)
  A wyvern skeleton (D:9)
  4 scorpions
  5 killer bees (D:10)
  A howler monkey (D:4)
  4 crimson imps
  2 bullfrog zombies
  3 quasits
  5 orc priests
  3 bullfrog skeletons
  3 hounds
  11 orc wizards
  3 iguanas
  Natasha (D:3)
  6 worker ants
  A hound skeleton (D:7)
  Robin (D:4)
  4 gnolls (D:3)
  14 adders
  A shadow imp (D:7)
  2 adder skeletons
  2 worms (D:2)
  3 dart slugs
  3 leopard geckos
  63 orcs
  9 bats
  4 giant cockroaches
  21 goblins
  13 hobgoblins
  12 jackals
  7 kobolds
  6 quokkas
  5 frilled lizards
  A leopard gecko skeleton (D:4)
  8 rats
293 creatures vanquished.

Vanquished Creatures (others)
  A fungus (D:8)
  A plant (D:8)
2 creatures vanquished.

Grand Total: 295 creatures vanquished

Notes
Turn   | Place    | Note
-------+----------+-------------------------------------------
     0 | D:1      | Delamore the Gargoyle Fighter began the quest for the Orb.
     0 | D:1      | Reached XP level 1. HP: 14/14 MP: 1/1
   276 | D:1      | Reached XP level 2. HP: 19/19 MP: 2/2
   643 | D:1      | Reached XP level 3. HP: 23/24 MP: 3/3
  1155 | D:2      | Reached skill level 3 in Maces & Flails
  1481 | D:2      | Reached XP level 4. HP: 29/30 MP: 4/4
  1889 | D:2      | Found a shadowy altar of Dithmenos.
  2072 | D:3      | Reached XP level 5. HP: 31/34 MP: 5/5
  2213 | D:3      | Reached skill level 5 in Fighting
  2218 | D:3      | Reached skill level 4 in Maces & Flails
  2600 | D:3      | Found a sacrificial altar of Ru.
  2763 | D:3      | Noticed Natasha
  2780 | D:3      | Killed Natasha
  2780 | D:3      | Reached XP level 6. HP: 39/40 MP: 6/6
  2901 | D:3      | Found an ancient bone altar of Kikubaaqudgha.
  2999 | D:4      | Found a blossoming altar of Fedhas.
  3006 | D:4      | Reached skill level 5 in Maces & Flails
  3224 | D:4      | Reached XP level 7. HP: 37/47 MP: 7/7
  3577 | D:4      | Noticed Robin
  3612 | D:4      | Killed Robin
  4126 | D:5      | Entered Level 5 of the Dungeon
  4150 | D:5      | Reached skill level 6 in Maces & Flails
  4363 | D:5      | Reached XP level 8. HP: 48/53 MP: 8/8
  5338 | D:5      | Reached skill level 7 in Maces & Flails
  5430 | D:6      | Noticed Menkaure
  5435 | D:6      | Killed Menkaure
  5570 | D:6      | Found a glowing silver altar of Zin.
  5570 | D:6      | Found a shimmering altar of Xom.
  5570 | D:6      | Noticed an angel
  5613 | D:6      | Reached skill level 8 in Maces & Flails
  5625 | D:6      | Reached XP level 9. HP: 60/60 MP: 9/9
  6140 | D:6      | Found an iron altar of Okawaru.
  6258 | D:6      | Became a worshipper of Warmaster Okawaru
  6264 | D:6      | Got a scorched mace
  6265 | D:6      | Identified the cursed +1 mace of the Inferno {antimagic,
                  | +Inv rN+ Str+2 Dex-5} (You found it on level 6 of the
                  | Dungeon)
  6433 | D:7      | Reached skill level 10 in Fighting
  6433 | D:7      | Reached skill level 9 in Maces & Flails
  6479 | D:7      | Found a staircase to the Ecumenical Temple.
  6611 | D:7      | Found a glowing golden altar of the Shining One.
  6666 | D:7      | Reached * piety under Okawaru
  6778 | D:7      | Found a white marble altar of Elyvilon.
  6844 | D:7      | Reached skill level 5 in Shields
  7006 | D:7      | Found a radiant altar of Vehumet.
  7395 | D:8      | Found a hide-covered altar of Uskayaw.
  7395 | D:8      | Found an opulent altar of Gozag.
  7402 | D:8      | Found an ornate altar of the Wu Jian Council.
  7536 | D:8      | Reached skill level 10 in Maces & Flails
  7536 | D:8      | Reached XP level 10. HP: 68/68 MP: 3/10
  7724 | D:8      | Got an ichor-stained scale mail
  7735 | D:8      | Identified the +4 scale mail of Ewuafoi {rN+ Str+4 Dex+6}
                  | (You found it on level 8 of the Dungeon)
  7781 | D:8      | Found Canasumo's Jewellery Emporium.
  7966 | D:8      | Reached ** piety under Okawaru
  8231 | D:8      | Noticed a three-headed hydra
  8248 | D:8      | Killed a three-headed hydra
  8459 | D:8      | Reached skill level 11 in Maces & Flails
  8462 | D:8      | Reached *** piety under Okawaru
  8542 | D:8      | Found a staircase to the Lair.
  9120 | D:9      | Reached skill level 1 in Evocations
  9801 | D:10     | Entered Level 10 of the Dungeon
 10048 | D:10     | Reached XP level 11. HP: 50/72 MP: 3/13
 10053 | D:10     | Reached **** piety under Okawaru
 10315 | D:10     | Received a gift from Okawaru
 10655 | D:10     | Found a staircase to the Orcish Mines.
 10795 | D:10     | Reached skill level 12 in Maces & Flails
 11398 | Orc:1    | Entered Level 1 of the Orcish Mines
 11398 | Orc:1    | Noticed a two-headed ogre
 11418 | D:10     | Killed a two-headed ogre
 12069 | Orc:2    | Entered Level 2 of the Orcish Mines
 12069 | Orc:2    | Found a staircase to the Elven Halls.
 12075 | Orc:2    | Noticed a two-headed ogre
 12077 | Orc:2    | Noticed a two-headed ogre
 12077 | Orc:2    | Noticed a two-headed ogre
 12077 | Orc:2    | Noticed a two-headed ogre
 12077 | Orc:2    | Noticed an ogre mage
 12077 | Orc:2    | Noticed an ogre mage
 12079 | Orc:2    | Noticed a two-headed ogre
 12079 | Orc:2    | Noticed a two-headed ogre
 12087 | Orc:2    | Noticed a two-headed ogre
 12087 | Orc:2    | Noticed an ogre mage
 12087 | Orc:2    | Noticed an ogre mage
 12087 | Orc:2    | Noticed a two-headed ogre
 12088 | Orc:2    | Noticed a two-headed ogre
 12090 | Orc:2    | Noticed a two-headed ogre
 12099 | Orc:2    | Noticed a two-headed ogre
 12124 | Orc:1    | Gained mutation: Your magical capacity is low. (-10% MP)
                  | [mutagenic glow]
 12129 | Orc:1    | Killed a two-headed ogre
 12129 | Orc:1    | Reached skill level 5 in Evocations
 12136 | Orc:1    | Killed a two-headed ogre
 12136 | Orc:1    | Reached ***** piety under Okawaru
 12143 | Orc:1    | Killed a two-headed ogre
 12406 | Orc:2    | Noticed Donald
 12507 | Orc:1    | HP: 2/72 [two-headed ogre/+0 giant club (21)]
 12507 | Orc:1    | Mangled by a two-headed ogre

Illustrated notes

Levels and vault maps discovered:
D:1:      psy_arrival_wood_between_worlds, layout_loops_corners
D:2:      layout_basic, grunt_dithmenos_smoke_and_mirrors, kennysheep_potato
D:3:      layout_loops_ring, nicolae_ru_great_annihilating_truth,
          lemuel_coloured_pillars_altar, first_ration, grunt_decor_cap,
          minmay_between, uniq_natasha
D:4:      layout_gridville, fedhas_bush_and_centaur_altar, uniq_robin
D:5:      layout_layer_cave, chequers_serial_rivers_small_3
D:6:      layout_loops_ring, grunt_temple_overflow_order_and_chaos_1,
          okawaru_trees_2, uniq_menkaure
D:7:      layout_basic, vehumet_altar_wand_db, nicolae_overflow_crystal_walls,
          lemuel_crystal_altar, minmay_temple_entry_butterflies
D:8:      layout_basic, gammafunk_temple_overflow_forgotten,
          grunt_lair_entry_orc_guard_hut, serial_shops, shop, hangedman_ranch
          [blue_anna_fruit_fields]
D:9:      layout_gridville, minmay_fractal_squares_gapless_5
D:10:     layout_layer_cave, hiddenorc2_lemuel, nicolae_twisting_strands,
          hangedman_decor_slide_cut, kennysheep_generic_room_3
Orc:1:    layout_caves, uniq_gastronok
Orc:2:    st_orc_ogre_mass, layout_caves, serial_shops, shop, shop, shop,
          shop_statue, uniq_donald, uniq_snorg

Skill      XL: |  1  2  3  4  5  6  7  8  9 10 11 |
---------------+----------------------------------+-----
Fighting       | 4 5 6 7 9 10 | 10.0
Maces & Flails | 3 4 5 6 8 10 11 12 | 12.7
Shields        | 5 8 |  8.2
Evocations     | 2 6 |  6.0
Armour         | |  3.2

Action                   |  1- 3 |  4- 6 |  7- 9 | 10-12 || total
-------------------------+-------+-------+-------+-------++-------
Melee: Flail             |   106 |   129 |       |       ||   235
       Whip              |       |    77 |   325 |    54 ||   456
       Mace              |       |       |   174 |   601 ||   775
Throw: Dart              |       |     3 |     8 |     4 ||    15
 Abil: Evoke Invisibilit |       |       |       |     3 ||     3
  Use: Scroll            |       |       |    16 |     1 ||    17
 Stab: Paralysed         |       |     3 |       |       ||     3
       Invisible         |       |       |       |    12 ||    12
  Eat: Chunk             |     2 |     6 |    14 |    16 ||    38
       Ration            |       |       |       |     1 ||     1
Armor: Scale mail        |    56 |   135 |   287 |   328 ||   806
Dodge: Dodged            |    29 |    62 |   142 |   169 ||   402
Block: Kite shield       |    45 |   113 |   232 |   423 ||   813
